[Event "Titled Tuesday Blitz August 08 Early 2023"]
[White "Qiao, Cindy"]
[Black "Przybylski, Wojciech"]
[WhiteFideId "2620243"]
[BlackFideId "1117599"]
[WhiteElo "2389"]
[BlackElo "2595"]
[Result "1-0"]
[Round "8"]
[TimeControl "180+1"]
[Date "2023.08.08"]
[WhiteClock "0:00:39"]
[BlackClock "0:00:01"]
[Board "127"]

1. d4 Nf6 2. Bf4 Nd5 3. Bg3 Nf6 4. Nc3 d5 5. Nb5 Na6 6. e3 c6 7. Nc3 Nc7 8. Nf3 Bf5 9. h3 h6 10. Be2 e6 11. O-O Bb4 12. Ne5 Bxc3 13. bxc3 Ne4 14. c4 Nc3 15. Qe1 Nxe2+ 16. Qxe2 f6 17. Qh5+ g6 18. Nxg6 Rh7 19. Nh4+ Kf8 20. Nxf5 exf5 21. Qxf5 Rg7 22. Bxc7 Rxc7 23. Qg6 dxc4 24. Qxh6+ Kg8 25. f4 Rg7 26. f5 Qe7 27. Rae1 Qe4 28. Re2 Rf8 29. Rf4 Qd5 30. Ref2 Re8 31. Rh4 Rxe3 32. Qxe3 Kf7 33. Qe6+ Qxe6 34. fxe6+ Kxe6 35. c3 b5 36. Rhf4 a5 37. Rxf6+ Kd5 38. R2f5+ Ke4 39. Re5+ Kd3 40. Rf3+ Kd2 41. Kf2 b4 42. Re2+ Kd1 43. Rb2 Kc1 44. Re2 b3 45. axb3 cxb3 46. c4 a4 47. g4 b2 48. Kg3 b1=Q 49. Rf1# 1-0


[Site "https://www.chess.com"]

[Event "Titled Tuesday Blitz August 08 Early 2023"]
[White "Bilan, Danila"]
[Black "Gu, Xiaobing"]
[WhiteFideId "24161918"]
[BlackFideId "8602611"]
[WhiteElo "2583"]
[BlackElo "2389"]
[Result "1-0"]
[Round "8"]
[TimeControl "180+1"]
[Date "2023.08.08"]
[WhiteClock "0:00:07"]
[BlackClock "0:00:05"]
[Board "128"]

1. d4 Nf6 2. Nf3 g6 3. Bg5 Bg7 4. c3 d6 5. Nbd2 c5 6. e3 Nc6 7. Bd3 O-O 8. O-O e5 9. dxe5 dxe5 10. Ne4 Bf5 11. Nxf6+ Bxf6 12. Bxf5 gxf5 13. Bxf6 Qxf6 14. Qd5 e4 15. Ne1 b6 16. f3 Rad8 17. Qc4 Ne5 18. Qe2 Qh6 19. fxe4 Ng4 20. h3 Nxe3 21. Rf3 f4 22. Nd3 Rfe8 23. Nxf4 Rxe4 24. Rg3+ Kf8 25. Rxe3 Rxf4 26. Re1 Qg5 27. Kh2 Rf6 28. Rg3 Qf4 29. Qe7# 1-0


[Site "https://www.chess.com"]

[Event "Titled Tuesday Blitz August 08 Early 2023"]
[White "Zavgorodniy, Sergiy"]
[Black "Polaczek, Richard"]
[WhiteFideId "14110148"]
[BlackFideId "200026"]
[WhiteElo "2577"]
[BlackElo "2387"]
[Result "1-0"]
[Round "8"]
[TimeControl "180+1"]
[Date "2023.08.08"]
[WhiteClock "0:01:31"]
[BlackClock "0:00:14"]
[Board "129"]

1. d4 Nf6 2. c4 e6 3. Nf3 d5 4. e3 a6 5. Nbd2 c5 6. dxc5 Bxc5 7. a3 O-O 8. b4 Be7 9. Bb2 Nc6 10. Be2 b6 11. Rc1 Bb7 12. O-O Rc8 13. Qb3 dxc4 14. Bxc4 b5 15. Be2 Nb8 16. Rxc8 Qxc8 17. Rc1 Qd8 18. h3 Bd5 19. Qc2 Nbd7 20. Nd4 Bd6 21. Bf3 Ne5 22. Bxd5 Nxd5 23. Nc6 Nxc6 24. Qxc6 Bb8 25. Nf3 Nb6 26. Bd4 Nc4 27. Qxa6 Qc8 28. Qxb5 Nxa3 29. Qf1 Qb7 30. Qd3 Nb5 31. Ng5 g6 32. Ba1 Rc8 33. Rd1 e5 34. Ne4 Qe7 35. Qxb5 1-0


[Site "https://www.chess.com"]

[Event "Titled Tuesday Blitz August 08 Early 2023"]
[White "Prokofiev, Valentyn"]
[Black "EsmeraldasAnderson03"]
[WhiteFideId "14160161"]
[WhiteElo "2570"]
[BlackElo "2385"]
[Result "1/2-1/2"]
[Round "8"]
[TimeControl "180+1"]
[Date "2023.08.08"]
[WhiteClock "0:00:07"]
[BlackClock "0:00:02"]
[Board "130"]

1. Nf3 d5 2. c4 e6 3. d4 Nf6 4. e3 dxc4 5. Bxc4 a6 6. O-O c5 7. Qe2 Nbd7 8. Rd1 b5 9. Bd3 c4 10. Bc2 Bb7 11. a4 Be7 12. b3 cxb3 13. Bxb3 b4 14. Nbd2 O-O 15. e4 a5 16. Bb2 Qb6 17. h3 Rac8 18. Qe3 Qa7 19. Re1 Rfd8 20. Rad1 Nf8 21. Ne5 Ng6 22. Nec4 Bf8 23. Qg5 Ra8 24. Kh1 h6 25. Qe3 Qb8 26. Ne5 Nxe5 27. dxe5 Nd7 28. Nc4 Nc5 29. Bc2 Bc6 30. Nd6 Nxa4 31. Bxa4 Bxa4 32. Ra1 Be8 33. Reb1 Bxd6 34. exd6 Qxd6 35. f4 Qd3 36. Qe1 Bc6 37. Rd1 Qxe4 38. Qg3 g6 39. Rg1 a4 40. Qh4 Rd2 41. Qf6 Rxb2 42. Qxb2 a3 43. Qc1 b3 44. Rxa3 Rb8 45. Qb2 Bd5 46. Ra7 Qxf4 47. Rd7 Qg3 48. Rxd5 exd5 49. Rf1 Qd6 50. Qf2 Qe6 51. Qb2 Rb7 52. Rd1 Rb8 53. Rf1 Qe4 54. Qf6 Qe6 55. Qb2 1/2-1/2


[Site "https://www.chess.com"]

[Event "Titled Tuesday Blitz August 08 Early 2023"]
[White "Buscar, Michael"]
[Black "only_strong_moves"]
[WhiteFideId "2603616"]
[WhiteElo "2385"]
[BlackElo "2568"]
[Result "1-0"]
[Round "8"]
[TimeControl "180+1"]
[Date "2023.08.08"]
[WhiteClock "0:00:12"]
[BlackClock "0:00:00"]
[Board "131"]

1. d4 d5 2. c4 e6 3. Nc3 a6 4. cxd5 exd5 5. g3 Nf6 6. Bg2 Be7 7. Nf3 O-O 8. Ne5 c6 9. O-O Nbd7 10. Bg5 Nxe5 11. dxe5 Ng4 12. Bf4 g5 13. Bc1 Nxe5 14. e4 d4 15. Ne2 c5 16. f4 Ng6 17. fxg5 Bxg5 18. Nf4 Nxf4 19. gxf4 Bh6 20. Qh5 Bg7 21. Rf3 f5 22. Rg3 Kh8 23. Bd2 Qe8 24. Qg5 Bf6 25. Qh6 fxe4 26. Bxe4 Rf7 27. Bxh7 Qf8 28. Rg8+ Qxg8+ 29. Bxg8+ Kxg8 30. Kf2 Bg7 31. Rg1 Bf5 32. h4 Re8 33. Qh5 Bd3 34. Re1 Rxe1 35. Bxe1 Re7 36. Ba5 Re2+ 37. Kg1 Rxb2 38. Qxc5 Rb1+ 39. Kf2 Rb2+ 40. Kf3 Be2+ 41. Ke4 d3 42. Qc8+ Kh7 43. Qf5+ Kg8 44. Qe6+ Kh7 45. f5 Rc2 46. Qg6+ Kg8 47. f6 Rc4+ 48. Kd5 1-0


[Site "https://www.chess.com"]

[Event "Titled Tuesday Blitz August 08 Early 2023"]
[White "Eynullayev, Altay"]
[Black "Gueci, Tea"]
[WhiteFideId "13413562"]
[BlackFideId "872342"]
[WhiteElo "2567"]
[BlackElo "2382"]
[Result "1/2-1/2"]
[Round "8"]
[TimeControl "180+1"]
[Date "2023.08.08"]
[WhiteClock "0:00:23"]
[BlackClock "0:00:15"]
[Board "132"]

1. e4 e6 2. d4 d5 3. e5 c5 4. c3 Nc6 5. Nf3 Qb6 6. a3 a5 7. Bd3 Nge7 8. O-O Ng6 9. h4 Be7 10. h5 Nh4 11. Nxh4 Bxh4 12. Qg4 Be7 13. Qxg7 Rf8 14. dxc5 Qxc5 15. Be3 d4 16. cxd4 Nxd4 17. Nc3 Bd7 18. Ne4 Qd5 19. Nf6+ Bxf6 20. Qxf6 Bc6 21. f3 Rg8 22. Be4 Ne2+ 23. Kf2 Qb5 24. a4 Qxb2 25. Rfb1 Qc3 26. Bxc6+ bxc6 27. Kxe2 Qc4+ 28. Ke1 Rxg2 29. Rb8+ Rxb8 30. Qh8+ Ke7 31. Qf6+ Ke8 32. Qh8+ Ke7 33. Qf6+ Ke8 1/2-1/2


[Site "https://www.chess.com"]

[Event "Titled Tuesday Blitz August 08 Early 2023"]
[White "Czerw, Dawid"]
[Black "Luong Phuong Hanh"]
[WhiteFideId "1145746"]
[BlackFideId "12401013"]
[WhiteElo "2556"]
[BlackElo "2380"]
[Result "0-1"]
[Round "8"]
[TimeControl "180+1"]
[Date "2023.08.08"]
[WhiteClock "0:00:17"]
[BlackClock "0:01:21"]
[Board "133"]

1. e4 c5 2. Nf3 e6 3. d4 cxd4 4. Nxd4 a6 5. a4 Nf6 6. Nc3 d6 7. Be3 Nbd7 8. Bd3 Be7 9. O-O O-O 10. f4 Qc7 11. Qf3 b6 12. Rae1 Bb7 13. Qg3 Kh8 14. Qh3 Nc5 15. Bd2 Nxd3 16. cxd3 Nd7 17. Nf3 Bf6 18. g4 g6 19. g5 Bg7 20. f5 exf5 21. exf5 Qc5+ 22. d4 Qxf5 23. Qxf5 gxf5 24. Re7 Bxf3 25. Rxf3 Bxd4+ 26. Kg2 Ne5 27. Rxf5 Rae8 28. Rb7 Kg7 29. Nd5 Bxb2 30. Bb4 Kg6 31. Rfxf7 Rxf7 0-1


[Site "https://www.chess.com"]

[Event "Titled Tuesday Blitz August 08 Early 2023"]
[White "FoxOnTheRun97"]
[Black "Korpics, Zsolt"]
[BlackFideId "705241"]
[WhiteElo "2551"]
[BlackElo "2361"]
[Result "1/2-1/2"]
[Round "8"]
[TimeControl "180+1"]
[Date "2023.08.08"]
[WhiteClock "0:00:22"]
[BlackClock "0:00:07"]
[Board "134"]

1. d4 Nf6 2. Bg5 Ne4 3. h4 c5 4. d5 g6 5. Nd2 Nxg5 6. hxg5 e5 7. dxe6 fxe6 8. Ngf3 d5 9. e4 Nc6 10. exd5 exd5 11. Qe2+ Qe7 12. O-O-O Qxe2 13. Bxe2 Bg7 14. Nb3 c4 15. Nbd4 Bd7 16. Nxc6 bxc6 17. Nd4 Rb8 18. c3 O-O 19. Bf3 Bf5 20. Nxc6 Rb6 21. Ne7+ Kh8 22. Nxf5 Rxf5 23. Rxd5 Rxd5 24. Bxd5 Rb5 25. Bxc4 Rxg5 26. g3 Rf5 27. f4 Rc5 28. Bd3 Kg8 29. Kc2 Bf6 30. Re1 Kf7 31. Re4 h5 32. Bc4+ Kf8 33. b4 Rc7 34. Kb3 h4 35. gxh4 Bxh4 36. Bd5 Re7 37. c4 Rxe4 38. Bxe4 Bg3 39. Bxg6 Bxf4 40. Ka4 Ke7 41. Kb5 Kd7 42. Ka6 Be3 43. c5 Bd2 44. b5 Be3 45. Bf5+ Kc7 46. c6 Bb6 47. a4 Bd4 48. Be4 Be3 49. Bd3 Bd4 50. Ka5 Be3 51. Kb4 Bd4 52. Kc4 Be3 53. a5 Bf2 54. Be4 Be3 55. Kd5 Bd2 56. a6 Ba5 57. Ke6 Bb6 58. Bd5 Ba5 59. Bc4 Bb6 60. Bd3 1/2-1/2


[Site "https://www.chess.com"]

[Event "Titled Tuesday Blitz August 08 Early 2023"]
[White "Topalov, Aleksandar"]
[Black "Do Nascimento,Christian Almeida"]
[WhiteFideId "925659"]
[BlackFideId "2143801"]
[WhiteElo "2356"]
[BlackElo "2542"]
[Result "1-0"]
[Round "8"]
[TimeControl "180+1"]
[Date "2023.08.08"]
[WhiteClock "0:00:18"]
[BlackClock "0:00:04"]
[Board "135"]

1. b3 Nf6 2. Bb2 g6 3. Bxf6 exf6 4. c4 Bg7 5. Nc3 O-O 6. e3 f5 7. Nge2 d6 8. g3 Nd7 9. Bg2 Nf6 10. O-O Re8 11. d3 c6 12. Rb1 Qe7 13. b4 Bd7 14. b5 Rab8 15. a4 c5 16. a5 b6 17. axb6 axb6 18. Ra1 Be6 19. Ra6 Red8 20. Nf4 Bc8 21. Nfd5 Qe8 22. Rxb6 Rxb6 23. Nxb6 Be6 24. Nbd5 Nxd5 25. Nxd5 Ra8 26. Ne7+ Kh8 27. Bxa8 Qxa8 28. Nc6 d5 29. Qc2 h5 30. h4 Bf6 31. cxd5 Bxd5 32. Qxc5 Bf3 33. Rc1 f4 34. exf4 Kg7 35. b6 Bxh4 36. Na5 Bf6 37. b7 Bxb7 38. Nxb7 Qxb7 39. d4 h4 40. g4 Qf3 41. g5 Qg4+ 42. Kf1 Qh3+ 43. Ke2 Qg4+ 44. Ke3 Qe6+ 45. Kd2 Be7 46. Qe5+ Qxe5 47. dxe5 Bb4+ 48. Ke2 Ba3 49. Rh1 Kf8 50. Rxh4 Bc1 51. Kd3 Ke7 52. Ke4 Ke6 53. Rh6 Ke7 54. Rh1 Bd2 55. Rd1 Bb4 56. f5 gxf5+ 57. Kxf5 Bc3 58. f4 Bb2 59. Rb1 Bc3 60. Rb7+ Kf8 61. Kf6 1-0


[Site "https://www.chess.com"]

[Event "Titled Tuesday Blitz August 08 Early 2023"]
[White "Hoffmann, Asa"]
[Black "Unat, Can Haktan"]
[WhiteFideId "2001470"]
[BlackFideId "6398073"]
[WhiteElo "2356"]
[BlackElo "2531"]
[Result "0-1"]
[Round "8"]
[TimeControl "180+1"]
[Date "2023.08.08"]
[WhiteClock "0:00:02"]
[BlackClock "0:00:34"]
[Board "136"]

1. d4 c6 2. Bg5 d5 3. e3 Nf6 4. Bd3 e6 5. Nd2 Bd6 6. f4 h6 7. Bh4 g5 8. fxg5 Ne4 9. Bxe4 dxe4 10. Qh5 Be7 11. Nh3 e5 12. O-O Be6 13. Nxe4 Qd5 14. Nc3 Qc4 15. Rad1 Nd7 16. g6 fxg6 17. Qxg6+ Bf7 18. Qe4 Bxh4 19. Qxh4 Rg8 20. Rf2 Qe6 21. Rdf1 Rg4 22. d5 cxd5 23. Qxg4 Qxg4 24. Rxf7 O-O-O 25. Nxd5 Qe4 26. c4 Nb6 27. Nxb6+ axb6 28. R7f3 Kb8 29. Nf2 Qxc4 30. h3 Rg8 31. Kh2 Qxf1 0-1


[Site "https://www.chess.com"]

[Event "Titled Tuesday Blitz August 08 Early 2023"]
[White "MarijaKuznecova"]
[Black "Parpiev, Isaak"]
[BlackFideId "34281576"]
[WhiteElo "2352"]
[BlackElo "2529"]
[Result "0-1"]
[Round "8"]
[TimeControl "180+1"]
[Date "2023.08.08"]
[WhiteClock "0:00:11"]
[BlackClock "0:01:04"]
[Board "137"]

1. e4 c6 2. d4 d5 3. e5 Bf5 4. Nf3 e6 5. Be2 Ne7 6. O-O c5 7. c4 dxc4 8. Bxc4 Bg4 9. h3 Bh5 10. g4 Bg6 11. Nc3 cxd4 12. Nxd4 Nec6 13. Nxc6 Nxc6 14. Bf4 Bc5 15. Nb5 O-O 16. Nd6 Qb6 17. b3 Bd4 18. Rc1 Bxe5 19. Be3 Bd4 20. Bxd4 Nxd4 21. Nxb7 Be4 22. Nc5 Qxc5 23. Bxe6 Qxc1 24. Qxc1 Ne2+ 25. Kh2 Nxc1 26. Rxc1 fxe6 0-1


[Site "https://www.chess.com"]

[Event "Titled Tuesday Blitz August 08 Early 2023"]
[White "Kanyamarala, Tarun"]
[Black "dr_tatiana"]
[WhiteFideId "45004714"]
[WhiteElo "2511"]
[BlackElo "2352"]
[Result "0-1"]
[Round "8"]
[TimeControl "180+1"]
[Date "2023.08.08"]
[WhiteClock "0:01:25"]
[BlackClock "0:01:03"]
[Board "138"]

1. e4 d5 2. exd5 Qxd5 3. Nc3 Qd6 4. d4 Nf6 5. Nf3 a6 6. Bc4 Nc6 7. h3 Bf5 8. O-O O-O-O 9. Be3 e6 10. a3 Nd5 11. Nxd5 exd5 12. Be2 Be7 13. Qd2 h6 14. Bf4 Qg6 15. Kh2 Bd6 16. Rac1 Rhe8 17. Rfe1 Re4 18. Bxd6 Qxd6+ 19. Kg1 g5 20. Bd3 g4 21. Bxe4 dxe4 22. hxg4 exf3 23. gxf5 Nxd4 24. Qe3 Rg8 25. g3 Rxg3+ 0-1


[Site "https://www.chess.com"]

[Event "Titled Tuesday Blitz August 08 Early 2023"]
[White "rikchessmx"]
[Black "Womacka, Mathias"]
[BlackFideId "4611390"]
[WhiteElo "2339"]
[BlackElo "2508"]
[Result "1-0"]
[Round "8"]
[TimeControl "180+1"]
[Date "2023.08.08"]
[WhiteClock "0:00:12"]
[BlackClock "0:00:13"]
[Board "139"]

1. e4 c5 2. Nf3 d6 3. d4 cxd4 4. Nxd4 Nf6 5. Nc3 a6 6. f4 e5 7. Nf3 Nbd7 8. Bd3 Be7 9. O-O b5 10. a3 O-O 11. Kh1 Bb7 12. Qe1 Re8 13. fxe5 Nxe5 14. Nd4 Rc8 15. Nf5 d5 16. Qg3 Ng6 17. exd5 Nxd5 18. Ne4 Bf8 19. Nfd6 Qd7 20. Nxc8 Rxc8 21. Ng5 Nf6 22. Bf5 Qc6 23. Bxc8 Qxc8 24. c3 Qc6 25. Nf3 Ne4 26. Qe1 h6 27. Be3 Bd6 28. Rd1 Qc7 29. Bg1 Nf4 30. Rd4 Ng5 31. Qd2 Be5 32. Rd7 Nxf3 33. gxf3 Qc6 34. Rd8+ Kh7 35. Be3 Ne6 36. Qd3+ g6 37. Rd7 Kg7 38. Kg1 Ng5 39. Bxg5 hxg5 40. Re1 Bf6 41. Rd6 Qc5+ 42. Kg2 Be5 43. Rd4 Bxd4 44. Qxd4+ Qxd4 45. cxd4 f5 46. Kf2 Kf6 47. Re5 Bc6 48. Ke3 f4+ 49. Kf2 Bb7 50. Rc5 Ke6 51. Rc7 Bd5 52. Ra7 Bc4 53. Rxa6+ Kd5 54. Rxg6 Kxd4 55. Rxg5 Bd3 56. Rg4 Ke5 57. h4 Bf5 58. Rg5 Kf6 59. Ke2 Bb1 60. Rxb5 Ba2 61. Rb4 Bf7 62. Rxf4+ Ke6 63. Rxf7 Kxf7 64. Ke3 Ke6 65. Kf4 Kd6 66. Kf5 Ke7 67. Kg6 Ke6 68. a4 Ke5 69. a5 Kf4 70. a6 Kxf3 71. a7 Ke3 72. a8=Q Kd2 73. Qd5+ Kc2 74. Kf5 Kb1 75. Qe4+ Ka1 76. b4 Ka2 77. b5 Kb3 78. b6 Kc3 79. b7 Kd2 80. b8=Q Kc3 81. Qd6 Kb3 82. Qb7+ Kc3 83. Qbc6+ Kb3 84. Qb8+ Ka3 85. Qca8# 1-0


[Site "https://www.chess.com"]

[Event "Titled Tuesday Blitz August 08 Early 2023"]
[White "Hirneise, Jens"]
[Black "Amanov, Zhanibek"]
[WhiteFideId "24614734"]
[BlackFideId "13700189"]
[WhiteElo "2507"]
[BlackElo "2351"]
[Result "0-1"]
[Round "8"]
[TimeControl "180+1"]
[Date "2023.08.08"]
[WhiteClock "0:00:12"]
[BlackClock "0:00:38"]
[Board "140"]

1. d4 d5 2. c4 c6 3. cxd5 cxd5 4. Nc3 Nf6 5. Bf4 Nc6 6. e3 a6 7. Be2 Bf5 8. Nf3 e6 9. O-O Bd6 10. Bg3 O-O 11. Rc1 Rc8 12. Na4 Ne4 13. Nd2 Nxg3 14. hxg3 Nb4 15. Rxc8 Qxc8 16. Nc3 Nc6 17. a3 Qc7 18. Nb3 Rc8 19. Bd3 Bxd3 20. Qxd3 Na5 21. Nxa5 Qxa5 22. Ra1 b5 23. Qd1 h6 24. e4 b4 25. axb4 Qxb4 26. Rxa6 Qxb2 27. Rxd6 Rxc3 28. Qa4 Rc1+ 29. Kh2 Qxf2 30. Qe8+ Kh7 31. Rd8 Rg1 32. Qg8+ Kg6 33. Qxf7+ Kxf7 34. Rf8+ Kxf8 0-1


[Site "https://www.chess.com"]

[Event "Titled Tuesday Blitz August 08 Early 2023"]
[White "Perske, Thore"]
[Black "amanjazu"]
[WhiteFideId "12902195"]
[WhiteElo "2506"]
[BlackElo "2336"]
[Result "1-0"]
[Round "8"]
[TimeControl "180+1"]
[Date "2023.08.08"]
[WhiteClock "0:00:14"]
[BlackClock "0:00:00"]
[Board "141"]

1. d4 Nf6 2. g3 g6 3. Bg2 Bg7 4. e4 d6 5. Nc3 O-O 6. Nge2 Nbd7 7. O-O c5 8. h3 Ne8 9. Re1 Nc7 10. a4 Rb8 11. Be3 a6 12. a5 b5 13. axb6 Nxb6 14. b3 c4 15. Qd2 Re8 16. d5 cxb3 17. cxb3 Nd7 18. Nd4 Bxd4 19. Bxd4 Rxb3 20. Qh6 e5 21. dxe6 Nxe6 22. Qd2 Nxd4 23. Qxd4 Qf6 24. Ne2 Ne5 25. f4 Nd7 26. Red1 Qxd4+ 27. Rxd4 Re6 28. Rc1 Bb7 29. Rc7 Nc5 30. f5 gxf5 31. Nf4 Rxe4 32. Bxe4 Nxe4 33. Nh5 Rb1+ 34. Kh2 Ng5 35. Rxb7 Rxb7 36. Rxd6 h6 37. Rxa6 Ne6 38. Kg2 Kh7 39. Kf3 Kg6 40. Nf4+ Kf6 41. Nd5+ Kg7 42. Ne3 Rd7 43. Nxf5+ Kf6 44. Nxh6 Rd5 45. Ng4+ Kg7 46. Ne3 Rg5 47. h4 Rg6 48. Ra7 Rf6+ 49. Kg2 Kg6 50. Ng4 Rf5 51. Nh2 Ng7 52. Kh3 Rf6 53. Ng4 Rb6 54. Ne5+ Kf6 55. Nd7+ Ke7 56. Nxb6+ 1-0


[Site "https://www.chess.com"]

[Event "Titled Tuesday Blitz August 08 Early 2023"]
[White "Dong Khanh Linh"]
[Black "Nemec, Jachym"]
[WhiteFideId "12403040"]
[BlackFideId "23716525"]
[WhiteElo "2334"]
[BlackElo "2504"]
[Result "0-1"]
[Round "8"]
[TimeControl "180+1"]
[Date "2023.08.08"]
[WhiteClock "0:00:07"]
[BlackClock "0:00:19"]
[Board "142"]

1. d4 Nf6 2. Nf3 e6 3. Nbd2 c5 4. e3 b6 5. c3 Be7 6. Bd3 Ba6 7. Bxa6 Nxa6 8. O-O O-O 9. e4 d6 10. Qe2 Nc7 11. Re1 cxd4 12. Nxd4 Qd7 13. N2f3 e5 14. Nf5 Ne6 15. Ng5 h6 16. Nxe6 fxe6 17. Ng3 Qc6 18. Nh5 Nxh5 19. Qxh5 Rf6 20. f3 Raf8 21. Be3 Bd8 22. Rad1 a5 23. Rd2 b5 24. Red1 Bc7 25. Qh4 a4 26. Qf2 Kh7 27. Rd3 Ra8 28. Qh4 Rg6 29. Qf2 Rf8 30. b3 Ra8 31. Qc2 axb3 32. axb3 Rf6 33. Bf2 Rff8 34. h4 Ra3 35. h5 Rfa8 36. c4 Ra2 37. Qc1 b4 38. Be1 Bb6+ 39. Kh1 Bc5 40. Bd2 Qe8 41. g4 Qf7 42. Rf1 Qf6 43. Qe1 Rf8 44. Be3 Bxe3 45. Rxe3 Qf4 46. Re2 Rfa8 47. Rxa2 Rxa2 48. Rf2 Ra3 49. Qxb4 Ra1+ 50. Kg2 Qc1 51. f4 Qh1+ 52. Kg3 Rg1+ 0-1


[Site "https://www.chess.com"]

[Event "Titled Tuesday Blitz August 08 Early 2023"]
[White "Willy, Stephen"]
[Black "Ziatdinov, Raset"]
[WhiteFideId "30981468"]
[BlackFideId "2015323"]
[WhiteElo "2503"]
[BlackElo "2333"]
[Result "1-0"]
[Round "8"]
[TimeControl "180+1"]
[Date "2023.08.08"]
[WhiteClock "0:02:27"]
[BlackClock "0:02:05"]
[Board "143"]

1. e4 c5 2. c3 Nf6 3. e5 Nd5 4. Nf3 Nc6 5. Bc4 Nb6 6. Bb3 d6 7. exd6 e6 8. d4 cxd4 9. Nxd4 Nxd4 10. Qxd4 Qxd6 11. Be3 Qxd4 12. Bxd4 f6 13. O-O Bd6 14. Re1 Kf7 15. Nd2 Bd7 16. Ne4 Be7 17. Rad1 Rac8 18. Bxb6 1-0


[Site "https://www.chess.com"]

[Event "Titled Tuesday Blitz August 08 Early 2023"]
[White "Garakov, Mikhael"]
[Black "Valle Maytin, Luis Enrique"]
[WhiteFideId "4169034"]
[BlackFideId "3503666"]
[WhiteElo "2489"]
[BlackElo "2326"]
[Result "0-1"]
[Round "8"]
[TimeControl "180+1"]
[Date "2023.08.08"]
[WhiteClock "0:00:05"]
[BlackClock "0:00:09"]
[Board "144"]

1. e3 c6 2. d4 d5 3. c4 Nf6 4. Nc3 g6 5. Nf3 Bg7 6. Be2 O-O 7. O-O Bf5 8. Ne5 Nbd7 9. f4 dxc4 10. Bxc4 Ne4 11. Qb3 Nxe5 12. fxe5 Nxc3 13. bxc3 b5 14. Bxf7+ Rxf7 15. e4 Kf8 16. exf5 Rxf5 17. Rxf5+ gxf5 18. Ba3 Qd5 19. Rf1 Qxb3 20. axb3 Kf7 21. Rxf5+ Kg6 22. Rf3 e6 23. g4 a5 24. Kg2 a4 25. bxa4 Rxa4 26. Be7 h5 27. Kg3 hxg4 28. Kxg4 Bxe5 29. h4 Bg7 30. h5+ Kh7 31. Re3 e5 32. h6 Kxh6 33. Kf5 Kh7 34. dxe5 Kg8 35. Bf6 Bxf6 36. Kxf6 Kf8 37. Ke6 Rc4 38. Kd7 b4 39. cxb4 Rxb4 40. Rf3+ Kg7 41. e6 Rd4+ 42. Kxc6 Re4 43. Kd6 Rd4+ 44. Ke5 Rd1 45. Rf4 Re1+ 46. Kd6 Rd1+ 47. Ke7 Re1 48. Kd7 Rd1+ 49. Ke8 Rf1 50. e7 Rxf4 51. Kd7 Rd4+ 52. Ke6 Re4+ 53. Kd7 Kf7 0-1


[Site "https://www.chess.com"]

[Event "Titled Tuesday Blitz August 08 Early 2023"]
[White "Shishkov, Andrei"]
[Black "Zaksaite, Salomeja"]
[WhiteFideId "4500563"]
[BlackFideId "12801496"]
[WhiteElo "2485"]
[BlackElo "2321"]
[Result "1-0"]
[Round "8"]
[TimeControl "180+1"]
[Date "2023.08.08"]
[WhiteClock "0:01:11"]
[BlackClock "0:00:30"]
[Board "145"]

1. d4 Nf6 2. c4 g6 3. f3 c5 4. d5 Bg7 5. e4 d6 6. Ne2 e6 7. Nec3 exd5 8. cxd5 O-O 9. Be2 a6 10. a4 Nbd7 11. O-O Re8 12. Na3 Nf8 13. Nc4 b6 14. Bf4 Nh5 15. Bxd6 Bd4+ 16. Kh1 Bb7 17. f4 Nf6 18. Bf3 Bxc3 19. bxc3 b5 20. Bxf8 Kxf8 21. Ne5 c4 22. Qd4 Nd7 23. Nc6 Qb6 24. Qh8# 1-0


[Site "https://www.chess.com"]

[Event "Titled Tuesday Blitz August 08 Early 2023"]
[White "Doluhanova, Evgeniya"]
[Black "Vovk, Orest"]
[WhiteFideId "14112035"]
[BlackFideId "14113490"]
[WhiteElo "2313"]
[BlackElo "2483"]
[Result "1-0"]
[Round "8"]
[TimeControl "180+1"]
[Date "2023.08.08"]
[WhiteClock "0:00:05"]
[BlackClock "0:00:02"]
[Board "146"]

1. e4 g5 2. d4 g4 3. h3 d5 4. exd5 Qxd5 5. hxg4 Bg7 6. Be3 Nc6 7. c3 e5 8. Na3 exd4 9. Nb5 Kd8 10. Nxd4 Nxd4 11. cxd4 Nf6 12. Be2 Ne4 13. Nh3 Qa5+ 14. Kf1 Re8 15. Nf4 Ng3+ 16. fxg3 Rxe3 17. Rxh7 Bf8 18. Kf2 Re8 19. Qb3 Be6 20. Nxe6+ fxe6 21. Qc3 Bb4 22. Qf3 Rf8 23. Rf7 Rxf7 24. Qxf7 Bd6 25. Qxe6 c6 26. Rh1 Kc7 27. Rh7+ Kb6 28. Qxd6 Qd2 29. Qc5# 1-0


[Site "https://www.chess.com"]

[Event "Titled Tuesday Blitz August 08 Early 2023"]
[White "Afanasieva, Alexandra"]
[Black "Kuznetsov, Mikhail"]
[WhiteFideId "34126926"]
[BlackFideId "4117190"]
[WhiteElo "2312"]
[BlackElo "2482"]
[Result "0-1"]
[Round "8"]
[TimeControl "180+1"]
[Date "2023.08.08"]
[WhiteClock "0:00:00"]
[BlackClock "0:00:03"]
[Board "147"]

1. e4 c6 2. d4 d5 3. e5 Bf5 4. h4 h5 5. Bd3 Bxd3 6. Qxd3 e6 7. Nf3 c5 8. Bg5 Qa5+ 9. Nbd2 Nc6 10. c3 cxd4 11. cxd4 Nge7 12. O-O Nf5 13. a3 Qb6 14. Rac1 Be7 15. Bxe7 Kxe7 16. b4 Ncxd4 17. Nxd4 Nxd4 18. Rc5 Nc6 19. Rfc1 Nxe5 20. Qg3 Nd7 21. Rc7 Qd4 22. Rxd7+ Kxd7 23. Rc7+ Ke8 24. Qd6 Qf6 25. Qd7+ Kf8 26. Rc8+ Rxc8 27. Qxc8+ Ke7 28. Qxh8 Qa1+ 29. Kh2 Qe5+ 30. Kg1 Qa1+ 31. Nf1 Qxa3 32. Qxh5 Qxb4 33. Qg5+ Ke8 34. Qxg7 Qxh4 35. Qg8+ Ke7 36. Qb8 Qb4 37. Qxa7 Kf6 38. Qe3 b5 39. Qh6+ Ke7 40. Qg5+ Kf8 41. Qd8+ Kg7 42. Ng3 Qe1+ 43. Kh2 Qxf2 44. Qg5+ Kf8 45. Qd8+ Kg7 46. Qd6 Qc2 47. Qe5+ Kf8 48. Qd6+ Kg7 49. Nh5+ Kg6 50. Nf4+ Kf5 51. Nh3 Qe4 52. Qf8 Kf6 53. Qh8+ Ke7 54. Qg7 b4 55. Qg5+ Ke8 56. Qg8+ Ke7 57. Qg5+ Kd7 58. Qg8 Qe5+ 59. g3 Qe2+ 60. Kg1 Qf3 61. Qg5 b3 62. Nf2 b2 0-1


[Site "https://www.chess.com"]

[Event "Titled Tuesday Blitz August 08 Early 2023"]
[White "Rottenwohrer Suarez, Juan"]
[Black "Fernandez Siles, Luis"]
[WhiteFideId "32068182"]
[BlackFideId "2209420"]
[WhiteElo "2482"]
[BlackElo "2310"]
[Result "0-1"]
[Round "8"]
[TimeControl "180+1"]
[Date "2023.08.08"]
[WhiteClock "0:00:02"]
[BlackClock "0:00:03"]
[Board "148"]

1. d4 Nf6 2. c4 d6 3. Bg5 Nbd7 4. e3 g6 5. Nc3 Bg7 6. Nf3 h6 7. Bh4 O-O 8. Be2 c5 9. d5 a6 10. a4 b6 11. h3 Bb7 12. O-O b5 13. cxb5 axb5 14. Bxb5 Nb6 15. e4 Nh5 16. Nd2 Nf4 17. Bg3 e5 18. dxe6 Nxe6 19. Nc4 Nxc4 20. Bxc4 Nd4 21. Re1 Rb8 22. a5 Ba8 23. Ra2 Kh7 24. a6 f5 25. Bd5 f4 26. Bh2 f3 27. a7 Rc8 28. Bxa8 Rxa8 29. Nd5 Qg5 30. Bg3 fxg2 31. Kxg2 h5 32. h4 Qd8 33. Re3 Be5 34. Rea3 Rf7 35. Qa4 Qf8 36. Qa6 Bxg3 37. Rxg3 Rxf2+ 38. Kh3 Nf3 39. Qb7+ Kh6 40. Qxa8 Rh2# 0-1


[Site "https://www.chess.com"]

[Event "Titled Tuesday Blitz August 08 Early 2023"]
[White "Konenkin, Dmitry"]
[Black "marik_spb"]
[WhiteFideId "4185781"]
[WhiteElo "2305"]
[BlackElo "2478"]
[Result "1/2-1/2"]
[Round "8"]
[TimeControl "180+1"]
[Date "2023.08.08"]
[WhiteClock "0:00:18"]
[BlackClock "0:00:09"]
[Board "149"]

1. d4 Nf6 2. Bg5 d5 3. Nd2 Nbd7 4. Ngf3 c5 5. e3 e6 6. c3 Be7 7. Bd3 b6 8. O-O Bb7 9. Ne5 Ne4 10. Bxe7 Qxe7 11. Nxe4 Nxe5 12. dxe5 dxe4 13. Bxe4 O-O 14. Qf3 Bxe4 15. Qxe4 Rad8 16. Rfd1 h6 17. f4 Rxd1+ 18. Rxd1 Rd8 19. Qc2 Rxd1+ 20. Qxd1 c4 21. Qd6 Qh4 22. Qd2 Qg4 23. h3 Qg6 24. a3 Qb1+ 25. Kh2 Qd3 26. Qf2 a5 27. g4 Qe4 28. Kg3 b5 29. Qd2 Kh7 30. Qf2 Kg8 31. Qe2 Kh7 32. Qd2 Kg8 33. Qf2 Qd3 34. Kf3 Qd1+ 35. Qe2 Qh1+ 36. Qg2 Qd1+ 37. Qe2 Qh1+ 38. Kg3 Qe4 39. Qf3 Qb1 40. Qa8+ Kh7 41. Qg2 Qd3 42. Qf2 a4 43. Kg2 Qe4+ 44. Kf1 Qb1+ 45. Kg2 Qe4+ 46. Kg3 Kg8 47. Qd2 Kh7 48. h4 Qb1 49. g5 Qg1+ 50. Kf3 Qh1+ 51. Kg3 Qg1+ 52. Kf3 Qh1+ 53. Kg3 Qg1+ 1/2-1/2


[Site "https://www.chess.com"]